AoeStats
← Bor-Komorov

Arena

510845534Analyzed
4v4 RM · 17h ago on Oct 2, 2026· 36m 36s· 8 players
Game mode
Random Map
Map size
Large (8 player)
Population
200
Speed
Normal
Resources
Standard
Victory
Conquest
Starting age
Dark Age
Ending age
Imperial Age
RankedLock teamsTeams togetherTeam positionsShared explorationLock speedFull tech treeHidden civsTurbo modeCheats
Victory
Defeat
🇨🇴 Saracens · Colombia
1287
+16
🇨🇴 Turks · Colombia
1226
+18
🇨🇴 Persians · Colombia
1218
+18
🇨🇴 Khmer · Colombia
1217
+18
🇻🇳 Magyars · Vietnam
1300
-19
🇭🇰 Khmer · Hong Kong SAR China
1267
-17
🇹🇷 Britons · Türkiye
1266
-17
🇮🇩 Burgundians · Indonesia
1259
-17
TempYuraa
4:17 Double-Bit Axe
7:09 Horse Collar
11:40 Feudal Age
13:12 Bow Saw
15:13 Castle Age
13:45 Heavy Plow
17:43 Two-Man Saw
21:14 Gold Mining
22:55 Wheelbarrow
24:43 Crop Rotation
24:39 Hand Cart
24:49 Stone Mining
25:34 Gold Shaft Mining
27:42 Fletching
smyracula
10:27 Feudal Age
14:32 Castle Age
13:19 Double-Bit Axe
23:36 Loom
26:15 Horse Collar
29:31 Wheelbarrow
32:53 Imperial Age
30:58 Yeomen
32:51 Padded Archer Armor
34:18 Onager
35:40 Elite Longbowman
虫
11:58 Feudal Age
15:10 Castle Age
13:15 Double-Bit Axe
14:46 Horse Collar
16:41 Bow Saw
16:33 Heavy Plow
21:13 Gold Mining
21:14 Stone Mining
22:15 Wheelbarrow
21:53 Arson
21:29 Pikeman
23:34 Hand Cart
23:54 Scale Mail Armor
23:58 Loom
25:04 Chain Mail Armor
25:09 Forging
29:01 Imperial Age
28:10 Gold Shaft Mining
28:11 Stone Shaft Mining
28:28 Scale Barding Armor
28:59 Iron Casting
30:08 Chain Barding Armor
29:45 Halberdier
Melodies of Life
3:52 Loom
11:08 Feudal Age
12:25 Town Watch
15:11 Castle Age
13:29 Double-Bit Axe
13:49 Horse Collar
17:46 Bow Saw
18:35 Heavy Plow
20:37 Fletching
22:21 Wheelbarrow
24:49 Bodkin Arrow
Deanu Reeves
10:47 Feudal Age
13:45 Castle Age
11:46 Double-Bit Axe
15:26 Bow Saw
15:38 Gold Mining
19:28 Bloodlines
24:03 Husbandry
25:07 Scale Barding Armor
25:41 Loom
27:26 Forging
28:45 Horse Collar
30:22 Wheelbarrow
29:33 Town Watch
31:32 Heavy Plow
32:34 Iron Casting
37:41 Imperial Age
35:03 Pikeman
35:31 Arson
Bor-Komorov
10:34 Feudal Age
15:12 Castle Age
23:56 Scale Barding Armor
25:26 Bloodlines
25:44 Husbandry
26:34 Loom
27:23 Double-Bit Axe
35:28 Imperial Age
35:40 Cavalier
Höor
7:15 Loom
10:09 Feudal Age
11:54 Double-Bit Axe
13:10 Town Watch
14:51 Fletching
17:01 Padded Archer Armor
20:24 Wheelbarrow
22:26 Castle Age
20:43 Horse Collar
20:57 Gold Mining
23:17 Crossbowman
23:53 Bodkin Arrow
33:07 Thumb Ring
36:08 Hand Cart
39:32 Imperial Age
Volk
11:59 Feudal Age
12:42 Double-Bit Axe
15:36 Castle Age
14:42 Horse Collar
14:59 Gold Mining
16:03 Loom
17:04 Bow Saw
16:47 Fletching
31:24 Imperial Age
29:31 Padded Archer Armor
32:14 Leather Archer Armor
34:39 Wheelbarrow
35:31 Two-Man Saw
36:46 Conscription
Connection lost

Rejoining the realm…

Still unreachable

The connection could not be restored.

Session expired

The server has moved on; the page needs a fresh start.